 Dungeon Crawl Stone Soup version 0.28-a0-1624-g820543e53a (webtiles) character file.

Game seed: 8632645554580786160

312 zazu2006 the Magician (level 6, -2/50 HPs)
             Began as a Naga Hedge Wizard on Jan 23, 2022.
             Slain by an ogre (24 damage)
             ... on level 4 of the Dungeon on Jan 24, 2022.
             The game lasted 00:09:54 (5289 turns).

zazu2006 the Magician (Naga Hedge Wizard)           Turns: 5289, Time: 00:09:54

Health: -2/50      AC:  4    Str: 12    XL:     6   Next: 42%
Magic:  10/12      EV:  9    Int: 17    God:
Gold:   110        SH:  0    Dex: 10    Spells: 5/14 levels left

rFire   . . .      SeeInvis +   h - +2 short sword (freeze)
rCold   . . .      Faith    .   (no shield)
rNeg    . . .      Spirit   .   n - +0 leather armour
rPois   +          Reflect  .   c - +0 hat
rElec   .          Harm     .   (no cloak)
rCorr   .          Rampage  .   e - +0 pair of gloves
Will    .....                   (no barding)
Stlth   ++........              (no amulet)
HPRegen 0.16/turn               (no ring)
MPRegen 0.13/turn               (no ring)

@: very slow
A: AC +2, large, see invisible, deformed body, poison resistance, slowness 2,
spit poison 1, naga tail 1
a: Spit Poison


You were on level 4 of the Dungeon.
You visited 1 branch of the dungeon, and saw 5 of its levels.

You collected 130 gold pieces.
You spent 20 gold pieces at shops.

Inventory:

Hand Weapons
 h - a +2 short sword of freezing (weapon)
Missiles
 r - a throwing net
Armour
 c - a +0 hat (worn)
 e - a +0 pair of gloves (worn)
 n - a +0 leather armour (worn)
Jewellery
 p - an amulet of guardian spirit
 t - a ring of willpower
Scrolls
 b - a scroll of vulnerability {unknown}
 f - a scroll of amnesia
 g - a scroll of noise {unknown}
 i - a scroll of enchant weapon
 l - a scroll of enchant armour {unknown}
 o - a scroll of teleportation {unknown}
 q - 2 scrolls of identify
 s - a scroll of summoning {unknown}
Potions
 a - a potion of degeneration {unknown}
 d - 3 potions of heal wounds
 j - 2 potions of haste {unknown}
 k - 2 potions of curing
 m - a potion of mutation


   Skills:
 + Level 0.8 Fighting
 + Level 1.2 Armour
 + Level 2.0 Dodging
 + Level 3.5 Stealth
 + Level 4.5 Spellcasting
 + Level 3.2 Conjurations
 + Level 1.0 Summonings
 + Level 1.0 Translocations
 * Level 2.9 Poison Magic


You had 5 spell levels left.
You knew the following spells:

 Your Spells              Type           Power      Damage    Failure   Level
a - Magic Dart            Conj           56%        1d5       4%          1
b - Mephitic Cloud        Conj/Pois/Air  10%        N/A       24%         3
c - Conjure Flame         Conj/Fire      9%         6-21      30%         3
d - Blink                 Tloc           14%        N/A       19%         2

Your spell library contained the following spells:

 Spells                   Type           Power      Damage    Failure   Level
 Slow                     Hex            12%        N/A       19%         1
 Call Imp                 Summ           7%         N/A       19%         2


Dungeon Overview and Level Annotations

Branches:
Dungeon (5/15)
 Temple: D:4-7

Altars:

Shops:
D:2 (*(=   D:3 (

Annotations:
D:4 Grinder


Innate Abilities, Weirdness & Mutations

Your serpentine skin is tough. (AC +2)
You have supernaturally acute eyesight. (SInv)
Armour fits poorly on your strangely shaped body.
Your system is resistant to poisons. (rPois)
You cover ground very slowly.
You can spit poison.
You have a snake-like lower body.


Message History

Found a ring mail.
Found a stone staircase leading up.
Found a war axe.
There is a stone staircase leading up here.
You climb upwards.
Level annotation: Grinder The ogre shouts!
There is a stone staircase leading down here.
Casting: Mephitic Cloud (dangerous; 24% risk of failure)
Confirm with . or Enter, or press ? or * to list all spells.
Aiming: Mephitic Cloud (dangerous; 24% risk of failure)
Press: ? - help, Shift-Dir - straight line, f - ogre
Aim: an ogre, wielding a +0 giant spiked club (chance to affect: 77%)
The ball explodes into a vile cloud!
The stinking cloud engulfs the ogre but does no damage.
The stinking cloud engulfs you but does no damage.
You hear an angry hiss.
The ogre is engulfed in noxious fumes.
The ogre appears confused.
Unknown command.
Aiming: Spit Poison (1% risk of failure)
Press: ? - help, Shift-Dir - straight line, f/p - ogre
Aim: an ogre, wielding a +0 giant spiked club (confused, 97% to hit)
The splash of poison hits the ogre but does no damage.
The ogre is poisoned.
The ogre barely misses you.
You barely miss the ogre.
The ogre is lightly wounded.
The ogre misses you.
You puncture the ogre! You freeze the ogre.
The ogre is moderately wounded.
You hit the ogre but do no damage.
The ogre is moderately wounded.
The ogre hits you with a +0 giant spiked club!!
Ouch! That really hurt!
You catch the helpless ogre completely off-guard!
You hit the ogre. You freeze the ogre.
The ogre is heavily wounded.
You have got your breath back.
The ogre looks more healthy.
The ogre seems less confused.
The ogre hits you with a +0 giant spiked club!!
You die...

......... .......# .#
...<..####'##
...#.........
..#.........
#.#.........
###########...........
.........@O...........
############.>........
##......... #.........
#.#'#....# #.#.......
##+###.'.......
#......#.......
#....[.#.......


You could see an ogre.

Vanquished Creatures
  A bullfrog (D:3)
  An iguana (D:5)
  3 adders
  8 gnolls (D:3)
  A white imp (D:5)
  5 worms
  3 dart slugs
  11 orcs
  5 bats
  7 endoplasms
  5 goblins
  7 hobgoblins
  7 kobolds
  3 quokkas
  12 ball pythons
  3 frilled lizards
  9 rats
91 creatures vanquished.

Notes
Turn   | Place    | Note
-------+----------+-------------------------------------------
     0 | D:1      | zazu2006 the Naga Hedge Wizard began the quest for the Orb.
     0 | D:1      | Reached XP level 1. HP: 15/15 MP: 4/4
   348 | D:1      | Found a faded altar of an unknown god.
   410 | D:1      | Reached XP level 2. HP: 22/22 MP: 4/6
  1319 | D:2      | Reached XP level 3. HP: 24/28 MP: 5/8
  1490 | D:2      | Found Egukhlow's General Store.
  1733 | D:2      | Found Xumonu's Weapon Boutique.
  1808 | D:2      | Found Xoselon's Antique Weapon Shop.
  1940 | D:2      | Reached skill level 4 in Spellcasting
  1945 | D:2      | Found Qeimar's Jewellery Shop.
  2008 | D:2      | Bought a scroll of identify for 20 gold pieces
  2074 | D:2      | Reached XP level 4. HP: 36/36 MP: 0/10
  2455 | D:3      | Learned a level 3 spell: Mephitic Cloud
  2459 | D:3      | Learned a level 3 spell: Conjure Flame
  2462 | D:3      | Learned a level 2 spell: Blink
  2633 | D:3      | Reached XP level 5. HP: 16/42 MP: 1/11
  2638 | D:3      | Reached skill level 1 in Poison Magic
  3626 | D:3      | Reached XP level 6. HP: 35/50 MP: 8/12
  3729 | D:3      | Found Ehaczep's Antique Weapon Shop.
  4066 | D:3      | Found a faded altar of an unknown god.
  4604 | D:4      | Noticed Grinder
  4608 | D:5      | Entered Level 5 of the Dungeon
  4988 | D:5      | Reached skill level 1 in Armour
  5289 | D:4      | Slain by an ogre

Illustrated notes

Levels and vault maps discovered:
D:1:      saegor_arrival_miasma, layout_basic, basic_ecumenical_altar,
          chequers_avenue, minmay_tromino_mix6
D:2:      layout_rooms, serial_shops, nicolae_shop_stone,
          nicolae_shop_temple_entry_statues_fountains,
          nicolae_shop_window_shopping, shop, grunt_ministairs_7
D:3:      wad_river_or_something, layout_rooms,
          nicolae_overflow_ecumenical_swirl, serial_shops,
          nicolae_shop_statue_plus
D:4:      layout_basic, temple_statues, nicolae_wormholes, uniq_grinder,
          uniq_blork_the_orc, uniq_pikel, uniq_natasha, uniq_duvessa
D:5:      layout_layer_cave

Skill      XL: |  1  2  3  4  5  6 |
---------------+-------------------+-----
Spellcasting   | 4 |  4.5
Conjurations   | 2 3 |  3.2
Poison Magic   | 2 |  2.9
Dodging        | 2 |  2.0
Armour         | 1 |  1.2
Fighting       | |  0.8
Stealth        | |  3.5
Summonings     | |  1.0
Translocations | |  1.0

Action                   |  1- 3 |  4- 6 || total
-------------------------+-------+-------++-------
Melee: Dagger            |     1 |       ||     1
       Short sword       |     5 |    50 ||    55
       Punch             |       |     1 ||     1
 Cast: Magic Dart        |    91 |   145 ||   236
       Mephitic Cloud    |       |     6 ||     6
 Abil: Spit Poison       |     8 |    17 ||    25
  Use: Scroll            |     5 |       ||     5
       Potion            |       |     1 ||     1
 Stab: Confused          |       |     2 ||     2
Armor: Robe              |     3 |     4 ||     7
       Leather armour    |       |    12 ||    12
Dodge: Dodged            |     9 |    29 ||    38

Table legend: (Time is in decaauts)
 A = Elapsed time spent in this place.
 B = Non-inter-level travel time spent in this place.
 C = Inter-level travel time spent in this place.
 D = Time resting spent in this place.
 E = Time spent auto-exploring this place.
 F = Levels seen in this place.
 G = Mean time per level.
                   A        B        C        D        E       F      G
               +--------+--------+--------+--------+--------+-----+--------+
         Total |   6080 |   5951 |    129 |    424 |   4671 |   5 | 1216.0 |
       Dungeon |   6080 |   5951 |    129 |    424 |   4671 |   5 | 1216.0 |
               +--------+--------+--------+--------+--------+-----+--------+

Top non-repeatable levels by time:
     D:3: 2331 daAuts
     D:1: 1567 daAuts
     D:2: 1151 daAuts
     D:5: 741 daAuts
     D:4: 287 daAuts
